 Dungeon Crawl Stone Soup version 0.31-a0-1376-g36f0627844 (webtiles) character file.

Game seed: 15218145391094348474

5078 Amplified the Anamnesiscian (level 10, -8/73 HPs)
             Began as a Demonspawn Ice Elementalist on Dec 24, 2023.
             Was an Elder of Hepliaklqana.
             Mangled by a five-headed hydra (15 damage)
             ... on level 8 of the Dungeon.
             The game lasted 00:15:23 (9037 turns).

Amplified the Anamnesiscian (DsIE)                  Turns: 9037, Time: 00:15:24

Health: -8/73      AC:  2    Str: 13    XL:     10   Next: 31%
Magic:  2/17       EV: 22    Int: 19    God:    Hepliaklqana [****..]
Gold:   225        SH:  0    Dex: 13    Spells: 10/17 levels left

rFire   . . .        g - +6 whip of the Mouth {flame, rCorr Int+3}
rCold   . . .        (no shield)
rNeg    . . .        a - +0 robe
rPois   .            (helmet restricted)
rElec   .            (no cloak)
rCorr   +            (no gloves)
SInv    .            (no boots)
Will    +....        (no amulet)
Stlth   ++           c - ring of flight
HPRegen 0.32/turn    q - +5 ring of evasion
MPRegen 0.15/turn

%: no passive effects
@: mighty, agile, freezing walls, enlightened, flying
A: reduced essence, antennae 1, demonic guardian 2, powered by pain 2
a: Renounce Religion, Recall Ancestor, Ancestor Identity, Transference, Idealise


You were on level 8 of the Dungeon.
You worshipped Hepliaklqana.
Hepliaklqana was greatly pleased with you.
You visited 1 branch of the dungeon, and saw 8 of its levels.

You collected 624 gold pieces.
You spent 399 gold pieces at shops.

Inventory:

Hand Weapons
 g - the +6 whip of the Mouth (weapon) {flame, rCorr Int+3}
   (You bought it in a shop on level 3 of the Dungeon)

   Int+3:     It affects your intelligence (+3).
   rCorr:     It protects you from acid and corrosion.
 o - a +2 morningstar of flaming
Missiles
 k - 18 poisoned darts
 l - a throwing net
Armour
 a - a +0 robe (worn)
 p - a +1 kite shield
Jewellery
 c - a ring of flight (left hand)
 d - a ring of see invisible
 q - a +5 ring of evasion (right hand)
Wands
 b - a wand of digging (3)
 j - a wand of iceblast (10)
 s - a wand of polymorph (4)
 u - a wand of quicksilver (9)
Scrolls
 h - a scroll of immolation
 m - a scroll of silence
 n - 2 scrolls of noise
 r - a scroll of revelation
Potions
 e - a potion of ambrosia
 f - 2 potions of brilliance
 i - a potion of cancellation


   Skills:
 * Level 8.6 Fighting
 * Level 7.0(7.2) Maces & Flails
 - Level 2.2(5.0) Staves
 - Level 1.3 Armour
 - Level 1.7 Dodging
 - Level 1.7 Stealth
 - Level 4.0 Spellcasting
 - Level 5.0 Ice Magic
 * Level 9.9 Invocations


You had 10 spell levels left.
You knew the following spells:

 Your Spells              Type           Power      Damage    Failure   Level
a - Freeze                Ice            88%        1d9       1%          1
b - Frozen Ramparts       Ice            44%        1d7       5%          3
c - Ozocubu's Armour      Ice            22%        N/A       5%          3

Your spell library contained the following spells:

 Spells                   Type           Power      Damage    Failure   Level
 Jinxbite                 Hex            6%         N/A       21%         2
 Summon Ice Beast         Ice/Summ       13%        N/A       43%         4
 Yara's Violent Unravell  Hex/Alch       1%         3d3       98%         5
 Enfeeble                 Hex            1%         N/A       100%        7


Dungeon Overview and Level Annotations

Branches:
Dungeon (8/15)             Temple (0/1) D:6
   Lair: D:8-11

Altars:
Hepliaklqana
Okawaru
Sif Muna
Yredelemnul

Shops:
D:3 (   D:5 *   D:7 *   D:8 (

Annotations:
D:8 Maurice


Innate Abilities, Weirdness & Mutations

Your life essence is reduced to manifest your ancestor. (-10% HP)
You have a pair of small antennae on your head.
A demonic guardian rushes to your aid.
You sometimes gain power by taking damage.


Message History

The five-headed hydra bites Servia.
The five-headed hydra closely misses Servia. x2
The five-headed hydra bites Servia!
The five-headed hydra misses Servia.
Servia hits the five-headed hydra with a +0 dagger of draining! x2
The orc warrior shoots an arrow.
The arrow hits Servia!
Servia is destroyed!
Unknown command.
Unknown command.
Okay, then.
It was a potion of enlightenment.
You feel more buoyant.
A sky beast comes into view.
Unknown command.
You whack the five-headed hydra! You burn the five-headed hydra.
The five-headed hydra is heavily wounded.
The wall freezes the five-headed hydra.
The five-headed hydra seems to slow down.
The five-headed hydra bites you! x2
* * * LOW HITPOINT WARNING * * *
You focus on the pain.
You feel more agile all of a sudden. The five-headed hydra bites you.
* * * LOW HITPOINT WARNING * * *
A demonic guardian appears!
The five-headed hydra completely misses you.
The five-headed hydra misses you.
Unknown command.
Unknown command.
Okay, then.
Okay, then.
Okay, then.
You whack the five-headed hydra! You burn the five-headed hydra.
The five-headed hydra is almost dead.
The wall freezes the five-headed hydra.
The five-headed hydra seems to slow down.
The five-headed hydra bites you.
* * * LOW HITPOINT WARNING * * *
The five-headed hydra closely misses you.
The five-headed hydra bites you!
You die...

.#####...#♣.♣.♣# ... #.♣♣♣)#.####
..........♣♣.♣♣# .. #♣.♣.♣..#...
...∩.....)..⌠..# .⌠ #R♣♣♣.......
.........[♣♣.♣♣# o #♣R♣.♣......
......#..#♣.♣.♣##. ##.♣♣♣.#.....
......#..#.♣.♣R#.###.#.R...#.#.##
.###..#..#♣.♣R♣#4....#.....#.#.#
.+ ...#..#.♣.♣.#D♣.♣.#.....#...##
. ...##..#♣.♣.♣#@♣)♣ #♣...♣#.####
##.. #.♣.♣R#♣♣)♣ ♣♣.♣♣#.# #
#♣♣.♣♣# #.# ♣.♣ #.# # ♣.♣ ♣♣.♣
♣.♣ #.# # #♣♣.♣♣#♣.♣)♣ .♣. #.####
#..♣....♣♣♣.. #..... #♣♣.♣♣#♣.♣
♣#.. #..... ♣.♣ ♣.♣ ♣.♣ #.....
### ## ###.....


You could see a five-headed hydra (slow, ally target), an orc warrior and a
friendly orange demon (summoned).

Vanquished Creatures
  Pikel (D:8)
  A cyclops (D:8)
  A troll (D:8)
  A shadow (D:8)
  A yak (D:8)
  A steam dragon (D:8)
  An acid dragon (D:8)
  A water moccasin (D:7)
  3 ice beasts
  A sky beast (D:8)
  An orc warrior (D:8)
  2 centaurs (D:8)
  A phantom (D:3)
  3 bullfrogs
  2 scorpions
  7 wights
  A killer bee (D:8)
  A howler monkey (D:5)
  An orc priest (D:8)
  2 jellies
  3 hounds
  A gnoll bouda (D:8)
  A sleepcap (D:8)
  An iguana (D:7)
  3 orc wizards
  A hexer (D:8)
  6 gnolls (D:5)
  6 adders
  2 white imps
  3 ufetubi
  2 adder zombies (D:3)
  2 worms
  5 dart slugs
  13 orcs
  10 ball pythons
  11 endoplasms
  7 giant cockroaches
  25 goblins
  11 hobgoblins (D:5)
  4 quokkas
  A ball python zombie (D:3)
  5 bats
  4 frilled lizards (D:1)
  6 kobolds
  5 rats
171 creatures vanquished.

Vanquished Creatures (collateral kills)
  An ice beast (D:6)
  An ogre (D:5)
  2 phantoms
  2 bullfrogs
  7 wights
  A bombardier beetle (D:4)
  4 orc priests
  A jelly (D:8)
  A gnoll bouda (D:8)
  A sleepcap (D:5)
  2 iguanas (D:5)
  3 orc wizards
  2 gnolls (D:5)
  An adder (D:4)
  A shadow imp (D:8)
  A white imp (D:6)
  3 ufetubi
  2 worms
  7 orcs
  An endoplasm (D:3)
  A giant cockroach (D:4)
  9 goblins
  11 hobgoblins
  A ball python (D:3)
  A ball python zombie (D:3)
  A frilled lizard (D:3)
  4 kobolds
72 creatures vanquished.

Vanquished Creatures (others)
  5 hexers
5 creatures vanquished.

Grand Total: 248 creatures vanquished

Notes
Turn   | Place    | Note
-------+----------+-------------------------------------------
     0 | D:1      | Amplified the Demonspawn Ice Elementalist began the quest
                  | for the Orb.
     0 | D:1      | Reached XP level 1. HP: 13/13 MP: 3/3
   166 | D:1      | Gained mutation: A weak demonic guardian rushes to your
                  | aid. [demonic ancestry]
   166 | D:1      | Reached XP level 2. HP: 6/20 MP: 3/5
   456 | D:1      | Reached skill level 1 in Fighting
   607 | D:1      | Gained mutation: You have a pair of small antennae on your
                  | head. [demonic ancestry]
   607 | D:1      | Reached XP level 3. HP: 21/26 MP: 6/6
   655 | D:1      | Reached skill level 1 in Armour
  1145 | D:2      | Learned a level 3 spell: Frozen Ramparts
  1763 | D:2      | Reached skill level 1 in Staves
  1763 | D:2      | Reached XP level 4. HP: 27/32 MP: 7/7
  1789 | D:2      | Found a faded altar of an unknown god.
  1890 | D:2      | Prayed at the altar of an unknown god.
  1890 | D:2      | Became a worshipper of Hepliaklqana the Forgotten
  1890 | D:2      | Reached * piety under Hepliaklqana
  2156 | D:3      | Found a basalt altar of Yredelemnul.
  2551 | D:3      | Reached skill level 1 in Invocations
  2656 | D:3      | Found Kentuutuy's Antique Weapon Shop.
  2689 | D:3      | Found a shimmering blue altar of Sif Muna.
  2691 | D:3      | Found an iron altar of Okawaru.
  2825 | D:3      | Noticed a phantom
  2851 | D:3      | Killed a phantom
  2852 | D:3      | Gained mutation: A demonic guardian rushes to your aid.
                  | [demonic ancestry]
  2852 | D:3      | Reached XP level 5. HP: 29/34 MP: 9/9
  3000 | D:3      | Reached skill level 2 in Invocations
  3307 | D:3      | Learned a level 3 spell: Ozocubu's Armour
  3321 | D:3      | Gained mutation: You sometimes gain a little power by
                  | taking damage. [demonic ancestry]
  3321 | D:3      | Reached XP level 6. HP: 27/41 MP: 7/10
  3549 | D:4      | Reached ** piety under Hepliaklqana
  3559 | D:4      | Remembered your ancestor Servia as a hexer
  4078 | D:5      | Entered Level 5 of the Dungeon
  4082 | D:5      | Reached skill level 3 in Invocations
  4359 | D:5      | Noticed an ice beast
  4365 | D:5      | Killed an ice beast
  4366 | D:5      | Gained mutation: You sometimes gain power by taking damage.
                  | [demonic ancestry]
  4366 | D:5      | Reached XP level 7. HP: 46/46 MP: 12/12
  4599 | D:5      | Reached skill level 4 in Invocations
  4786 | D:3      | Bought a twisted whip for 202 gold pieces
  4786 | D:3      | Identified the +6 whip of the Mouth {flame, rCorr Int+3}
                  | (You bought it in a shop on level 3 of the Dungeon)
  4852 | D:5      | Reached skill level 5 in Ice Magic
  4971 | D:5      | Found Mionui Ipaw's Fire Supplies.
  5060 | D:5      | Reached skill level 1 in Maces & Flails
  5266 | D:5      | Reached XP level 8. HP: 52/54 MP: 14/14
  5663 | D:5      | Reached skill level 5 in Fighting
  5976 | D:6      | Reached *** piety under Hepliaklqana
  6253 | D:6      | Reached skill level 5 in Invocations
  6520 | D:6      | Found a staircase to the Ecumenical Temple.
  7245 | D:7      | HP: 2/57 [white imp/puff of frost (10)]
  7442 | D:6      | Reached skill level 6 in Invocations
  7626 | D:7      | Reached XP level 9. HP: 63/63 MP: 15/15
  7759 | D:7      | Found Walulist's Assorted Antiques.
  7792 | D:7      | Reached skill level 5 in Maces & Flails
  7792 | D:7      | Reached skill level 7 in Invocations
  7795 | D:7      | Bought a potion of curing for 75 gold pieces
  7795 | D:7      | Bought a runed brass wand for 100 gold pieces
  7795 | D:7      | Bought a glowing red potion for 22 gold pieces
  8023 | D:7      | Reached **** piety under Hepliaklqana
  8390 | D:8      | Found Pifatim's Hydra Hut.
  8394 | D:8      | Noticed Maurice
  8399 | D:8      | Noticed a four-headed hydra
  8590 | D:8      | Noticed an angel
  8631 | D:8      | Noticed Pikel
  8640 | D:8      | Killed Pikel
  8641 | D:8      | Reached skill level 8 in Invocations
  8873 | D:8      | Reached skill level 9 in Invocations
  8919 | D:8      | Reached XP level 10. HP: 72/72 MP: 16/16
  8971 | D:8      | Noticed a cyclops
  8988 | D:8      | Killed a cyclops
  9028 | D:8      | Noticed a five-headed hydra
  9037 | D:8      | Mangled by a five-headed hydra

Illustrated notes

Levels and vault maps discovered:
D:1:      wander_arrival_peaceful_grave, layout_loops_ring
D:2:      wad_lake_hut, layout_basic, shapermc_ecumenical_altar_venn,
          minmay_worlds_worst_comb
D:3:      layout_basic, overflow_temple_1_default,
          mainiacjoe_overflow_tiny_flanked, nicolae_yredelemnul_corpse_copse,
          serial_shops, shop, st_stairs_3, minmay_quadrilaterals
D:4:      layout_rooms
D:5:      minmay_goblin_kobold_castle, layout_rooms, grunt_ministairs_7,
          nicolae_shop_fire_sale [nicolae_sub_dead_trees],
          hangedman_abyss_or_decor_jellyfish_corner, kennysheep_path_1
D:6:      layout_layer_cave, minmay_temple_entry_slanted
D:7:      layout_rooms, serial_shops, shop
D:8:      nzn_winding_woodlands_medium [nzn_winding_woodlands_5x5_cross,
          nzn_winding_woodlands_5x15_split_checker,
          nzn_winding_woodlands_5x5_checkerboard,
          nzn_winding_woodlands_5x5_closed_star,
          nzn_winding_woodlands_center_pierced_h,
          nzn_winding_woodlands_5x5_perimeter, nzn_winding_woodlands_hourglass,
          nzn_winding_woodlands_5x15_parted,
          nzn_winding_woodlands_5x5_open_star], layout_basic, zin_angel,
          doesnt_shop_hydraphobe, uniq_maurice, uniq_psyche, uniq_pikel

Skill      XL: |  1  2  3  4  5  6  7  8  9 10 |
---------------+-------------------------------+-----
Fighting       | 1 2 3 4 6 8 |  8.6
Armour         | 1 |  1.3
Staves         | 1 2 |  2.2
Ice Magic      | 4 5 |  5.0
Invocations    | 1 2 3 4 6 9 |  9.9
Spellcasting   | 3 4 |  4.0
Maces & Flails | 2 4 6 7 |  7.0
Dodging        | |  1.7
Stealth        | |  1.7

Action                     |  1- 3 |  4- 6 |  7- 9 | 10-12 || total
---------------------------+-------+-------+-------+-------++-------
  Melee: Dagger            |    11 |       |       |       ||    11
         Unarmed           |     5 |       |       |       ||     5
         Quarterstaff      |    89 |   147 |    17 |       ||   253
         Whip              |       |       |   255 |    30 ||   285
         Punch             |       |       |     2 |     2 ||     4
  Throw: Dart              |     4 |       |       |       ||     4
   Cast: Freeze            |    15 |       |       |       ||    15
         Frozen Ramparts   |     5 |     1 |     4 |     4 ||    14
         Ozocubu's Armour  |       |       |     6 |     3 ||     9
 Invoke: Recall Ancestor   |       |     1 |     3 |       ||     4
         Ancestor Life: He |       |     1 |       |       ||     1
  Evoke: Wand              |       |       |       |     4 ||     4
    Use: Scroll            |     3 |     6 |     6 |       ||    15
         Potion            |     1 |     6 |     5 |     1 ||    13
   Stab: Sleeping          |     3 |     4 |     3 |     1 ||    11
         Distracted        |     1 |       |     7 |       ||     8
         Confused          |       |     2 |     9 |       ||    11
 Armour: Robe              |    69 |    94 |   146 |    14 ||   323
  Dodge: Dodged            |    73 |    84 |   197 |    25 ||   379

Table legend: (Time is in decaauts)
 A = Elapsed time spent in this place.
 B = Non-inter-level travel time spent in this place.
 C = Inter-level travel time spent in this place.
 D = Time resting spent in this place.
 E = Time spent auto-exploring this place.
 F = Levels seen in this place.
 G = Mean time per level.
                   A        B        C        D        E       F      G
               +--------+--------+--------+--------+--------+-----+--------+
         Total |   9064 |   8545 |    519 |   1075 |   5701 |   8 | 1133.0 |
       Dungeon |   9064 |   8545 |    519 |   1075 |   5701 |   8 | 1133.0 |
               +--------+--------+--------+--------+--------+-----+--------+

Top non-repeatable levels by time:
     D:5: 1696 daAuts
     D:6: 1557 daAuts
     D:3: 1327 daAuts
     D:2: 1171 daAuts
     D:1: 959 daAuts
     D:4: 815 daAuts
     D:7: 780 daAuts
     D:8: 756 daAuts
